 Dungeon Crawl Stone Soup version 0.31-a0-232-gb1c03b2570 (webtiles) character file.

Game seed: 15183339940864318761

450 qw the Shooter (level 6, -6/52 HPs)
             Began as a Minotaur Hexslinger on July 6, 2023.
             Was an Initiate of Okawaru.
             Mangled by an ogre
             ... wielding a +0 giant club
              (31 damage)
             ... on level 4 of the Dungeon.
             The game lasted 00:01:14 (2888 turns).

qw the Shooter (Minotaur Hexslinger)                Turns: 2888, Time: 00:01:15

Health: -6/52      AC:  4    Str: 12    XL:     6   Next: 74%
Magic:  6/6        EV: 12    Int: 10    God:    Okawaru [......]
Gold:   151        SH:  0    Dex: 15    Spells: 6/7 levels left

rFire   . . .        Y - +2 sling
rCold   . . .        (no shield)
rNeg    . . .        h - +0 leather armour
rPois   .            (helmet restricted)
rElec   .            (no cloak)
rCorr   .            c - +0 pair of gloves
SInv    .            (no boots)
Will    .....        (no amulet)
Stlth   +            e - +4 ring of slaying {mikee}
HPRegen 0.28/turn    (no ring)
MPRegen 0.10/turn

%: no passive effects
@: no status effects
A: horns 2, retaliatory headbutt
a: Renounce Religion


You were on level 4 of the Dungeon.
You worshipped Okawaru.
Okawaru was noncommittal.
You visited 1 branch of the dungeon, and saw 5 of its levels.

You collected 151 gold pieces.


Innate Abilities, Weirdness & Mutations

You have a pair of horns on your head.
You reflexively headbutt those who attack you in melee.


   Skills:
 - Level 4.0 Fighting
 + Level 7.0 Ranged Weapons
 - Level 1.3 Armour
 - Level 2.1 Dodging
 - Level 1.0 Spellcasting
 - Level 2.0 Hexes


You had 6 spell levels left.
You knew the following spells:

 Your Spells              Type           Power      Damage    Failure   Level
a - Slow                  Hex            16%        N/A       19%         1

Your spell library contained the following spells:

 Spells                   Type           Power      Damage    Failure   Level
 Inner Flame              Hex/Fire       2%         N/A       65%         3
 Portal Projectile        Hex/Tloc       4%         N/A       65%         3
 Cause Fear               Hex            2%         N/A       88%         4

Inventory:

Hand Weapons
 Y - a +2 sling (weapon)
Armour
 c - a +0 pair of gloves (worn)
 h - a +0 leather armour (worn)
Jewellery
 e - a +4 ring of slaying (left hand) {mikee}
Scrolls
 a - 4 scrolls of identify
Potions
 b - a potion of resistance
 d - a potion of mutation
 f - a potion of magic
 j - a potion of heal wounds

Dungeon Overview and Level Annotations

Branches:
Dungeon (5/15)
 Temple: D:4-7

Altars:
Okawaru


Message History

Enter note:
Enter note:
Enter note:
Enter note:
Enter note:
Enter note: An ogre comes into view. It is wielding a +0 giant club.
Enter note:
Enter note:
Enter note:
Enter note:
Enter note:
Enter note: You shoot a sling bullet.
The sling bullet hits the ogre!
The ogre shouts!
The ogre is moderately wounded.
You hear a shout!
An endoplasm comes into view.
You shoot a sling bullet. The endoplasm quivers.
The sling bullet hits the ogre.
The ogre is heavily wounded.
An orc comes into view. It is wielding a +0 flail.
The ogre misses you.
You shoot a sling bullet.
The sling bullet barely misses the ogre.
You shoot a sling bullet. The sling bullet hits the ogre.
The ogre is heavily wounded.
The ogre hits you with a +0 giant club!!
Ouch! That really hurt!
You shoot a sling bullet. The sling bullet hits the ogre.
The ogre is severely wounded.
The ogre barely misses you.
You shoot a sling bullet.
The sling bullet barely misses the ogre.
You shoot a sling bullet.
The sling bullet barely misses the ogre.
The ogre hits you with a +0 giant club!!
Ouch! That really hurt!
You die...

##..... ##......
#..>.... #.......
################.......
#......................
#..#############.......
##...### ##......
###..@# #...... ###O#
##.##### J..# ####..#
..### ###....## ..#
#...#### ... #.### #
.... ### ###### ....
...... ......


You could see an ogre and an endoplasm.

Vanquished Creatures
  Sigmund (D:3)
  2 jellies (D:4)
  Jessica (D:2)
  Terence (D:3)
  7 adders
  A dart slug (D:2)
  5 worms
  2 orcs (D:3)
  8 ball pythons
  8 endoplasms
  4 giant cockroaches
  9 hobgoblins
  11 jackals
  6 quokkas
  6 bats
  6 frilled lizards
  5 goblins
  8 kobolds
  5 rats
96 creatures vanquished.

Notes
Turn   | Place    | Note
-------+----------+-------------------------------------------
     0 | D:1      | qw the Minotaur Hexslinger began the quest for the Orb.
     0 | D:1      | Reached XP level 1. HP: 16/16 MP: 1/1
     0 | D:1      | 0 ||| qw: Version: 0.3-a-46-gb1f654a
     0 | D:1      | 0 ||| qw: Game counter: 2033
     0 | D:1      | 0 ||| qw: Melee chars always use a shield: true
     0 | D:1      | 0 ||| qw: God list: Okawaru
     0 | D:1      | 0 ||| qw: Allow faded altars: false
     0 | D:1      | 0 ||| qw: Do Orc after clearing Dungeon:15 true
     0 | D:1      | 0 ||| qw: Do second Lair branch before Depths: true
     0 | D:1      | 0 ||| qw: Lair rune preference: random
     0 | D:1      | 0 ||| qw: Goals: Normal
     0 | D:1      | 0 ||| PLANNING D:1-11
    90 | D:1      | Reached skill level 3 in Ranged Weapons
   100 | D:1      | Reached XP level 2. HP: 23/23 MP: 2/2
   604 | D:1      | Reached XP level 3. HP: 29/29 MP: 3/3
   802 | D:1      | 802 ||| UPGRADING to +0 leather armour.
   812 | D:1      | 812 ||| DROPPING +0 robe.
   813 | D:1      | 813 ||| READING 2 scrolls labelled VUZOSO JOKKUS.
   814 | D:1      | 814 ||| READING scroll labelled PIPNOY VAOCI.
   815 | D:1      | 815 ||| READING scroll labelled HEHONE DURUEPNI.
   816 | D:1      | 816 ||| DRINKING 2 bubbling dark potions.
   817 | D:1      | 817 ||| DROPPING scroll of poison.
   859 | D:2      | Reached skill level 4 in Ranged Weapons
   944 | D:2      | Noticed Jessica
   948 | D:2      | 948 ||| FLEEEEING.
   949 | D:2      | 949 ||| FLEEEEING.
   950 | D:2      | 950 ||| FLEEEEING.
   951 | D:2      | 951 ||| FLEEEEING.
   952 | D:2      | 952 ||| FLEEEEING.
   953 | D:2      | 953 ||| FLEEEEING.
   958 | D:2      | 958 ||| FLEEEEING.
   959 | D:2      | 959 ||| FLEEEEING.
   963 | D:2      | 963 ||| FLEEEEING.
   968 | D:2      | Killed Jessica
   969 | D:2      | Reached XP level 4. HP: 34/36 MP: 4/4
  1033 | D:2      | Reached skill level 5 in Ranged Weapons
  1408 | D:2      | Reached skill level 3 in Fighting
  1538 | D:2      | 1538 ||| UPGRADING to +0 pair of gloves.
  1543 | D:2      | 1543 ||| UPGRADING to +4 ring of slaying {mikee}.
  1544 | D:2      | 1544 ||| READING scroll labelled VOUN NAOLAUJIP.
  1545 | D:2      | 1545 ||| READING scroll labelled IMOBRU WUVYUKI.
  1546 | D:2      | 1546 ||| DRINKING 2 sapphire potions.
  1651 | D:2      | 1651 ||| READING 8 scrolls of identify.
  1651 | D:2      | 1651 ||| IDENTIFYING glowing green potion
  1652 | D:2      | 1652 ||| READING 7 scrolls of identify.
  1652 | D:2      | 1652 ||| IDENTIFYING ruby potion
  1653 | D:2      | 1653 ||| READING 6 scrolls of identify.
  1653 | D:2      | 1653 ||| IDENTIFYING dark potion
  1654 | D:2      | 1654 ||| READING 5 scrolls of identify.
  1654 | D:2      | 1654 ||| IDENTIFYING amethyst potion
  1655 | D:2      | 1655 ||| DROPPING potion of magic.
  1656 | D:2      | 1656 ||| DROPPING potion of attraction.
  1657 | D:2      | 1657 ||| DROPPING potion of berserk rage.
  1868 | D:3      | Reached XP level 5. HP: 45/45 MP: 5/5
  1924 | D:3      | Found a faded altar of an unknown god.
  2030 | D:3      | Noticed Sigmund
  2040 | D:3      | 2040 ||| DRINKING potion of curing.
  2040 | D:3      | 2040 ||| (to cure confusion)
  2046 | D:3      | Killed Sigmund
  2047 | D:3      | Reached skill level 6 in Ranged Weapons
  2047 | D:3      | Reached XP level 6. HP: 31/51 MP: 6/6
  2118 | D:3      | You fall into a shaft and drop 2 floors!
  2118 | D:5      | Entered Level 5 of the Dungeon
  2119 | D:5      | 2119 ||| READING scroll labelled QOKHEL YRUW.
  2120 | D:5      | 2120 ||| DRINKING 2 brown potions.
  2132 | D:4      | Reached skill level 1 in Armour
  2133 | D:4      | Found an iron altar of Okawaru.
  2134 | D:4      | 2134 ||| PLANNING OKAWARU WORSHIP
  2139 | D:4      | Became a worshipper of Warmaster Okawaru
  2140 | D:4      | 2140 ||| PLANNING D:1-11
  2225 | D:3      | Noticed Terence
  2245 | D:3      | Killed Terence
  2824 | D:4      | Reached skill level 7 in Ranged Weapons
  2888 | D:4      | Mangled by an ogre

Levels and vault maps discovered:
D:1:      dpeg_arrival_round_a, layout_basic
D:2:      layout_basic, kennysheep_doodads, nicolae_figureground_pulse,
          uniq_jessica
D:3:      layout_basic, basic_ecumenical_altar, minmay_misc_feat_doors,
          uniq_terence, uniq_sigmund
D:4:      layout_rooms, okawaru_metal_pillars_3, grunt_temple_overflow_diamond,
          mainiacjoe_overflow_small_starburst, nicolae_twisty_statue_hallways
D:5:      cheibrodos_barr_body, layout_rooms, nzn_wu_jian_contemplation

Skill      XL: |  1  2  3  4  5  6 |
---------------+-------------------+-----
Ranged Weapons | 3 4 5 6 7 |  7.0
Fighting       | 2 3 4 |  4.0
Armour         | 1 |  1.3
Dodging        | |  2.1
Spellcasting   | |  1.0
Hexes          | |  2.0

Action                     |  1- 3 |  4- 6 || total
---------------------------+-------+-------++-------
   Fire: Sling             |   101 |   173 ||   274
    Use: Scroll            |     3 |     7 ||    10
         Potion            |     1 |     3 ||     4
 Armour: Robe              |     4 |       ||     4
         Leather armour    |     3 |    22 ||    25
  Dodge: Dodged            |    24 |    32 ||    56

Table legend:
 A = Non-vault XP
 B = Vault XP
 C = Vault XP percentage of total XP
 D = Non-vault monster count
 E = Vault monster count
 F = Vault count percentage of total count
                 A         B        C        D         E       F
            +---------+---------+-------+---------+---------+-------
      Total |     340 |     304 |  47.2 |      93 |       3 |   3.1
            +---------+---------+-------+---------+---------+-------
        D:1 |      48 |       0 |   0.0 |      30 |       0 |   0.0
        D:2 |     103 |      37 |  26.4 |      29 |       1 |   3.3
        D:3 |      45 |     267 |  85.6 |      20 |       2 |   9.1
        D:4 |     144 |       0 |   0.0 |      14 |       0 |   0.0
            +---------+---------+-------+---------+---------+-------
